 Dungeon Crawl Stone Soup version 0.30-a0-55-g90e3122c3a (webtiles) character file.

Game seed: 16999725362373973611

26 AarnesTheHuman the Cudgeller (level 3, -1/36 HPs)
             Began as an Ogre Gladiator on Sept 9, 2022.
             Slain by a kobold
             ... wielding a +0 club
              (4 damage)
             ... on level 2 of the Dungeon.
             The game lasted 00:01:23 (1669 turns).

AarnesTheHuman the Cudgeller (Ogre Gladiator)       Turns: 1669, Time: 00:01:24

Health: -1/36      AC:  3    Str: 20    XL:     3   Next: 8%
Magic:  3/3        EV: 10    Int:  9    God:
Gold:   106        SH:  0    Dex: 10    Spells: 2/2 levels left

rFire   . . .      SeeInvis .    a - +0 flail
rCold   . . .      Faith    .    (no shield)
rNeg    . . .      Spirit   .    f - +0 robe
rPois   .          Reflect  .    c - +0 hat
rElec   .          Harm     .    (no cloak)
rCorr   .          Rampage  .    (gloves unavailable)
Will    .....                    (boots unavailable)
Stlth   +.........               (no amulet)
HPRegen 0.12/turn                (no ring)
MPRegen 0.08/turn                (no ring)

@: no status effects
A: large, unfitting armour, tough skin 1
a: no special abilities


You were on level 2 of the Dungeon.
You visited 1 branch of the dungeon, and saw 2 of its levels.

You collected 106 gold pieces.

Inventory:

Hand Weapons
 a - a +0 flail (weapon)
 b - a +0 whip
 l - a +0 dagger
 m - a +0 whip
Missiles
 d - 3 throwing nets (quivered)
 e - a large rock
 g - 10 stones
Armour
 c - a +0 hat (worn)
 f - a +0 robe (worn)
Scrolls
 j - a scroll of blinking {unknown}
 n - a scroll of noise {unknown}
Potions
 h - a potion of attraction {unknown}
 i - 2 potions of lignification {unknown}
 k - 2 potions of mutation {unknown}


   Skills:
 - Level 2.6 Fighting
 + Level 3.8 Maces & Flails
 - Level 2.0 Throwing
 - Level 2.6 Dodging


You had 2 spell levels left.
You didn't know any spells.
Your spell library contained the following spells:

 Spells                   Type           Power      Damage    Failure   Level
 Apportation              Tloc           0%         N/A       38%         1
 Necrotise                Necr           0%         1d4       38%         1
 Summon Small Mammal      Summ           0%         N/A       38%         1
 Anguish                  Hex/Necr       0%         N/A       99%         4
 Enfeeble                 Hex            0%         N/A       100%        7


Dungeon Overview and Level Annotations

Branches:
Dungeon (2/15)

Altars:

Shops:
D:2 *


Innate Abilities, Weirdness & Mutations

You are too large for most types of armour.
You have tough skin. (AC +1)


Message History

The hobgoblin barely misses you.
You closely miss the quokka.
The quokka is heavily wounded.
The quokka misses you. The hobgoblin hits you. The quokka barely misses you.
You barely miss the quokka.
The quokka is heavily wounded.
The kobold hits you with a +0 club. The hobgoblin hits you.
The quokka closely misses you. The hobgoblin closely misses you.
The kobold closely misses you.
You hit the quokka but do no damage.
The quokka is heavily wounded.
The quokka barely misses you. The quokka bites you.
The kobold hits you with a +0 club. The hobgoblin barely misses you.
You are too injured to fight recklessly!
You are too injured to fight recklessly!
The hobgoblin attacks as you move away! The hobgoblin hits you.
The kobold attacks as you move away! The kobold hits you but does no damage.
The kobold attacks as you move away! The kobold hits you with a +0 club.
* * * LOW HITPOINT WARNING * * *
The quokka attacks as you move away!
The quokka bites you but does no damage.
The quokka attacks as you move away! The quokka bites you.
* * * LOW HITPOINT WARNING * * *
The kobold attacks as you move away! The kobold closely misses you.
The quokka bites you.
* * * LOW HITPOINT WARNING * * *
There is a dry fountain here.
The quokka attacks as you move away! The quokka bites you.
* * * LOW HITPOINT WARNING * * *
You hit the quokka.
The quokka is severely wounded.
The quokka barely misses you.
The quokka bites you but does no damage.
You hit the quokka.
You kill the quokka!
You closely miss the kobold. The kobold hits you with a +0 club.
* * * LOW HITPOINT WARNING * * *
You closely miss the kobold. The kobold hits you but does no damage.
The kobold hits you with a +0 club.
You die...

##...##
#############..∩..##
#.......[..........#
#.#####..####.....##
#.#####..# ##...####
#.##.....# ##......
#.##.##.## ######.
#.......# #..
####@#### ###.#
###K#### ######...#
##⌠.g...# #......###
#.......# #.....<..#
#..._.⌠.# #........#
#.......#
#.......#..
#.⌠.⌠.⌠.#
#.......###
#..##...# #.##.....
# ##......# # ###..#
#


You could see a hobgoblin and a kobold.

Vanquished Creatures
  A dart slug (D:1)
  A bat (D:1)
  A giant cockroach (D:1)
  2 goblins (D:1)
  4 hobgoblins (D:1)
  4 kobolds (D:1)
  2 quokkas
  2 ball pythons (D:1)
  3 frilled lizards (D:1)
  2 rats (D:1)
22 creatures vanquished.

Notes
Turn   | Place    | Note
-------+----------+-------------------------------------------
     0 | D:1      | AarnesTheHuman the Ogre Gladiator began the quest for the
                  | Orb.
     0 | D:1      | Reached XP level 1. HP: 22/22 MP: 1/1
   140 | D:1      | Reached skill level 3 in Maces & Flails
   391 | D:1      | Reached XP level 2. HP: 15/29 MP: 2/2
  1304 | D:1      | Reached XP level 3. HP: 10/36 MP: 3/3
  1609 | D:2      | Found Acvipro's General Store.
  1644 | D:2      | Found a faded altar of an unknown god.
  1669 | D:2      | Slain by a kobold

Illustrated notes

Levels and vault maps discovered:
D:1:      shiori_shiawase, layout_basic
D:2:      layout_loops_cross, serial_shops, shop,
          hellmonk_ecumenical_altar_run_dry, uniq_jessica

Skill      XL: |  1 |
---------------+----+-----
Maces & Flails | 3 |  3.8
Fighting       | |  2.6
Throwing       | |  2.0
Dodging        | |  2.6

Action                   || total
-------------------------++-------
Melee: Flail             ||    82
       Whip              ||    10
       Punch             ||     1
Armor: Robe              ||    27
Dodge: Dodged            ||    51

Table legend: (Time is in decaauts)
 A = Elapsed time spent in this place.
 B = Non-inter-level travel time spent in this place.
 C = Inter-level travel time spent in this place.
 D = Time resting spent in this place.
 E = Time spent auto-exploring this place.
 F = Levels seen in this place.
 G = Mean time per level.
                   A        B        C        D        E       F      G
               +--------+--------+--------+--------+--------+-----+--------+
         Total |   1685 |   1651 |     34 |      0 |   1454 |   2 |  842.5 |
       Dungeon |   1685 |   1651 |     34 |      0 |   1454 |   2 |  842.5 |
               +--------+--------+--------+--------+--------+-----+--------+

Top non-repeatable levels by time:
     D:1: 1600 daAuts
     D:2: 85 daAuts
